Map: [EWC] Site Delta

Players

Spirit

  • Race: Terran Terran
  • Spawn Location: 11:00

herO - Winner!

  • Race: Protoss Protoss
  • Spawn Location: 5:00

Event: Esports World Cup 2024

VOD

Have the link to the VOD?

Description

Time

  • Played on: Aug. 17, 2024, 7:53 a.m.
  • Length: 14:37

All games in this series

Show
View Real Time Build Order
Export as new Build Order

Spirit Terran 

Build Orders: Cyclone Opening 

Get SALT Encoding   

  12  0:00  SCV  
  13  0:12  SCV  
  14  0:17  Supply Depot  
  14  0:24  SCV  
  15  0:39  SCV  
  15  0:40  Barracks  
  16  0:44  Refinery  
  16  0:51  SCV  
  17  1:03  SCV  
  18  1:15  SCV  
  19  1:27  Orbital Command, Marine  
  20  1:39  Command Center  
  20  1:50  Factory  
  20  1:53  SCV  
  21  1:58  Refinery  
  21  2:03  Barracks Reactor  
  21  2:05  SCV  
  22  2:10  Supply Depot  
  22  2:17  SCV  
  23  2:31  SCV  
  23  2:34  Cyclone  
  25  2:40  Marine  
  25  2:41  Marine, Starport  
  27  2:44  SCV  
  28  2:56  SCV  
  28  3:01  Marine x2  
  30  3:09  SCV  
  31  3:16  Orbital Command, Widow Mine  
  31  3:19  Medivac  
  35  3:21  SCV  
  35  3:24  Supply Depot  
  36  3:31  Marine x2  
  36  3:33  SCV  
  39  3:38  Widow Mine  
  41  3:42  SCV  
  41  3:45  SCV  
  41  3:48  Supply Depot  
  43  3:49  Starport Tech Lab  
  43  3:51  Marine  
  43  3:52  Marine  
  43  3:54  SCV  
  46  3:59  SCV  
  46  4:00  Supply Depot  
  47  4:05  Factory Tech Lab  
  47  4:06  SCV  
  47  4:07  Raven  
  47  4:09  Marine  
  51  4:13  Bunker  
  51  4:14  SCV  
  52  4:20  SCV  
  52  4:23  Supply Depot  
  53  4:26  Siege Tank, SCV  
  57  4:32  SCV  
  57  4:34  Marine x2  
  60  4:39  SCV  
  60  4:40  Engineering Bay  
  60  4:44  SCV  
  60  4:45  Barracks  
  62  4:51  SCV  
  62  4:52  Marine  
  64  4:54  Marine  
  64  4:56  SCV  
  64  4:59  Engineering Bay  
  64  5:01  Siege Tank  
  64  5:03  SCV  
  68  5:08  SCV  
  68  5:09  Barracks  
  68  5:10  Terran Infantry Weapons Level 1  
  68  5:13  Starport Tech Lab  
  69  5:14  Refinery  
  69  5:15  SCV  
  69  5:16  Refinery  
  69  5:20  SCV, Marine  
  69  5:21  Marine  
  73  5:27  SCV  
  74  5:30  Supply Depot  
  74  5:31  Supply Depot  
  74  5:32  SCV, Stimpack  
  74  5:33  Marauder  
  77  5:39  SCV  
  78  5:46  Starport Reactor  
  78  5:49  Factory Reactor  
  78  5:52  SCV, Marine x2  
  78  5:53  Supply Depot  
  78  5:54  Supply Depot, Marauder  
  83  6:01  Combat Shield  
  83  6:03  Command Center  
  83  6:06  Marauder  
  83  6:07  SCV x2  
  87  6:14  Marine  
  87  6:15  Marine  
  87  6:16  Marauder  
  91  6:19  Supply Depot  
  91  6:22  Medivac x2  
  91  6:23  SCV  
  96  6:26  SCV  
  96  6:27  Marauder, Widow Mine  
  96  6:28  Widow Mine  
  103  6:39  Barracks  
  102  6:40  Marine, Barracks  
  102  6:41  Marauder  
  102  6:43  SCV x2  
  107  6:48  Supply Depot, Marine  
  107  6:49  Widow Mine  
  107  6:51  Widow Mine  
  112  6:54  Medivac  
  112  6:57  SCV  
  112  6:59  SCV  
  116  7:08  Marine, Marauder  
  117  7:11  Widow Mine  
  117  7:12  SCV  
  117  7:14  Marine, Marauder  
  123  7:18  Medivac  
  123  7:19  SCV  
  125  7:23  Terran Infantry Armor Level 1  
  125  7:24  SCV  
  125  7:25  Marine  
  125  7:27  Marauder  
  125  7:28  Barracks Tech Lab  
  131  7:30  Marauder  
  131  7:32  Marine  
  131  7:33  SCV  
  131  7:36  Marauder  
  135  7:38  Orbital Command  
  135  7:39  SCV  
  135  7:43  Marine  
  137  7:44  Supply Depot  
  137  7:45  SCV  
  137  7:49  Marine, Marauder  
  137  7:50  Marine  
  141  7:53  Sensor Tower  
  141  7:54  Supply Depot  
  141  7:55  Supply Depot  
  141  8:06  SCV x2  
  141  8:07  SCV  
  141  8:09  Refinery  
  141  8:10  Marauder x2  
  141  8:11  Refinery  
  141  8:12  Marine  
  149  8:13  Marauder  
  149  8:15  Marine  
  149  8:16  Marauder  
  149  8:18  SCV x2  
  154  8:20  SCV  
  154  8:21  Ghost Academy  
  154  8:24  Widow Mine x2  
  159  8:29  Supply Depot  
  159  8:30  SCV x2, Marine, Medivac  
  159  8:32  SCV  
  165  8:43  Bunker  
  165  8:45  Supply Depot  
  165  8:46  Supply Depot  
  165  8:47  Missile Turret  
  165  8:50  SCV, Marauder, Medivac  
  165  8:51  Ghost  
  172  9:04  Command Center  
  172  9:06  Ghost x2  
  172  9:07  Viking  
  178  9:11  Supply Depot, Ghost  
  180  9:23  Ghost  
  180  9:26  Viking  
  180  9:28  Marine  
  181  9:32  Armory  
  181  9:33  Marine, Engineering Bay  
  181  9:36  Marauder x2  
  186  9:40  Ghost  
  188  9:46  Marine  
  188  9:47  Starport  
  188  9:48  Viking  
  189  9:54  Missile Turret  
  189  9:56  Missile Turret  
  189  10:07  Marine  
  189  10:12  Supply Depot  
  189  10:15  Marine x2, Barracks  
  189  10:16  Supply Depot, Marauder x3, Barracks  
  189  10:17  Barracks  
  189  10:20  Terran Infantry Weapons Level 2  
  195  10:25  Marine, Terran Infantry Armor Level 2  
  196  10:33  Marine x2, Sensor Tower  
  198  10:37  Terran Ship Weapons Level 1, Marauder  
  198  10:42  SCV x2  
  200  10:43  Viking  
  200  10:46  SCV  
  191  10:50  Marine, Marauder  
  191  10:51  Planetary Fortress  
  191  10:54  SCV x2  
  191  10:56  Marine, Ghost  
  199  10:57  Marauder, Sensor Tower  
  199  10:59  SCV, Missile Turret  
  200  11:06  Barracks Tech Lab x2  
  198  11:12  Command Center  
  198  11:14  Viking  
  194  11:35  Marine, Marauder x2  
  181  11:44  Marine  
  181  11:46  Marine, Marauder  
  157  11:48  Marine  
  157  11:49  SCV, Marauder  
  157  11:50  SCV x2  
  157  11:51  Marauder  
  157  11:53  Marine, Command Center  
  163  11:54  Medivac  
  163  11:56  Marine  
  163  11:57  Missile Turret, Marauder  
  152  12:02  SCV x3  
  146  12:14  SCV x3, Marine  
  145  12:22  Medivac x2  
  145  12:26  SCV x3  
  145  12:28  Ghost  
  149  12:37  Ghost x2  
  149  12:38  SCV, Marine x2  
  149  12:41  Marine  
  149  12:43  Marine  
  138  12:44  Marine  
  125  12:58  Marauder  
  123  13:01  Marine  
  108  13:06  Marine, Marauder x2  
  108  13:12  Barracks Tech Lab x4  
  107  13:14  Liberator x2  
  107  13:18  Marine  
  107  13:19  Marauder  
  116  13:24  Marine  
  117  13:28  Marauder x2  
  117  13:32  Marine, Marauder  
  117  13:33  Marine  
  117  13:34  Marauder  
  123  13:36  Marine  
  123  13:40  Marauder  
  126  13:42  Marine  
  125  13:49  Marauder x2  
  125  13:50  Marine  
  125  13:52  Marauder  
  125  13:53  Marine  
  125  13:54  Marine  
  125  13:55  Marauder  
  131  14:00  Marine  
  131  14:02  Marauder  
  119  14:08  Marine  
  113  14:12  Marauder  
  113  14:14  Marine  
Show
View Real Time Build Order
Export as new Build Order

herO Protoss - Winner!

Build Orders: 1 Gate Expand, Phoenix Opening, Blink Stalkers, Colossus Rush 

Get SALT Encoding   

  12  0:00  Probe  
  13  0:12  Probe  
  14  0:16  Pylon  
  14  0:24  Probe  
  15  0:35  Gateway  
  15  0:36  Probe (Chrono Boost)  
  15  0:41  Assimilator  
  16  0:48  Probe (Chrono Boost)  
  17  0:54  Probe (Chrono Boost)  
  18  1:02  Probe  
  19  1:15  Probe  
  20  1:23  Cybernetics Core  
  22  1:31  Nexus  
  20  1:38  Pylon  
  20  1:40  Probe  
  20  1:45  Assimilator  
  21  1:52  Probe  
  22  1:57  Stalker (Chrono Boost)  
  22  2:00  Warp Gate  
  24  2:04  Probe  
  25  2:16  Probe  
  25  2:19  Sentry (Chrono Boost)  
  28  2:28  Probe  
  29  2:34  Stalker (Chrono Boost)  
  31  2:43  Phoenix, Probe (Chrono Boost)  
  33  2:48  Probe (Chrono Boost)  
  33  2:49  Gateway  
  34  2:52  Probe (Chrono Boost)  
  34  2:56  Probe (Chrono Boost)  
  34  2:57  Probe (Chrono Boost)  
  35  3:00  Twilight Council  
  35  3:09  Probe x2 (Chrono Boost)  
  37  3:13  Robotics Facility  
  39  3:20  Pylon  
  39  3:21  Probe (Chrono Boost)  
  39  3:23  Probe (Chrono Boost)  
  39  3:26  Probe (Chrono Boost)  
  39  3:31  Probe  
  39  3:32  Assimilator  
  41  3:34  Assimilator  
  41  3:36  Probe  
  41  3:38  Blink  
  42  3:43  Probe  
  43  3:48  Probe (Chrono Boost)  
  43  3:50  Stalker  
  43  3:53  Stalker  
  48  3:59  Pylon  
  48  4:00  Probe (Chrono Boost)  
  48  4:01  Probe (Chrono Boost)  
  50  4:04  Observer  
  50  4:06  Probe (Chrono Boost)  
  50  4:08  Probe (Chrono Boost)  
  53  4:15  Probe  
  54  4:17  Stalker  
  54  4:18  Stalker  
  54  4:20  Probe  
  54  4:22  Pylon  
  59  4:28  Probe  
  59  4:31  Robotics Bay  
  60  4:32  Probe  
  60  4:35  Observer, Phoenix  
  62  4:40  Stalker  
  63  4:54  Probe  
  63  4:56  Observer  
  65  5:05  Nexus  
  65  5:07  Pylon  
  65  5:18  Pylon  
  65  5:20  Probe x2  
  67  5:22  Colossus (Chrono Boost)  
  67  5:24  Extended Thermal Lance  
  73  5:32  Stalker, Probe x2  
  73  5:33  Observer  
  73  5:34  Charge  
  73  5:35  Shield Battery  
  77  5:39  Pylon  
  77  5:40  Sentry  
  79  5:44  Pylon, Probe x2  
  81  5:52  Observer  
  81  5:56  Shield Battery, Probe x2, Gateway  
  83  5:57  Gateway  
  83  6:02  Sentry  
  85  6:06  Probe x2, Colossus (Chrono Boost)  
  93  6:15  Gateway  
  93  6:17  Probe (Chrono Boost)  
  93  6:18  Probe (Chrono Boost)  
  95  6:19  Probe (Chrono Boost)  
  95  6:22  Stalker  
  98  6:27  Probe x2 (Chrono Boost)  
  98  6:28  Probe (Chrono Boost)  
  98  6:29  Sentry  
  98  6:31  Assimilator  
  103  6:36  Gateway  
  103  6:37  Gateway  
  103  6:41  Probe x2  
  103  6:42  Probe  
  103  6:45  Pylon  
  106  6:50  Shield Battery, Pylon  
  106  6:51  Pylon  
  106  6:52  Disruptor (Chrono Boost)  
  106  6:58  Gateway  
  106  6:59  Forge  
  110  7:04  Forge  
  110  7:08  Stalker x2  
  111  7:13  Probe x3  
  112  7:22  Disruptor  
  112  7:24  Stalker x2  
  120  7:30  Shield Battery  
  120  7:31  Shield Battery  
  120  7:32  Zealot x2  
  120  7:34  Protoss Ground Armor Level 1 (Chrono Boost)  
  124  7:40  Observer  
  124  7:41  Protoss Ground Weapons Level 1 (Chrono Boost)  
  124  7:48  Nexus  
  124  7:49  Pylon  
  124  7:54  Zealot x2  
  124  7:55  Pylon  
  128  7:58  Disruptor  
  128  7:59  Probe  
  128  8:00  Probe x2  
  134  8:10  Stalker x2  
  134  8:12  Probe x3, Phoenix  
  141  8:17  Stalker x2  
  141  8:18  Dark Shrine  
  145  8:24  Probe x3  
  148  8:27  Photon Cannon  
  148  8:28  Shield Battery  
  148  8:33  Photon Cannon  
  148  8:34  Disruptor  
  148  8:36  Pylon  
  148  8:40  Probe x3  
  155  8:43  Pylon  
  155  8:50  Zealot  
  155  8:54  Pylon x2  
  155  8:55  Pylon  
  157  9:08  Nexus  
  157  9:10  Shield Battery, Photon Cannon  
  157  9:12  Disruptor, Pylon x2  
  161  9:28  Zealot  
  161  9:29  Zealot x7, Protoss Ground Weapons Level 2 (Chrono Boost)  
  174  9:32  Shadow Stride, Protoss Ground Armor Level 2 (Chrono Boost)  
  174  9:38  Photon Cannon  
  174  9:49  Disruptor  
  174  9:51  Robotics Facility  
  174  9:52  Robotics Facility  
  178  9:59  Dark Templar x4  
  178  10:12  Dark Templar  
  180  10:14  Photon Cannon  
  180  10:16  Photon Cannon  
  180  10:18  Warp Prism  
  178  10:21  Gravitic Drive  
  178  10:22  Probe x5  
  178  10:27  Assimilator  
  183  10:29  Photon Cannon  
  183  10:32  Zealot x4  
  183  10:33  Zealot x3  
  199  10:37  Gateway  
  199  10:45  Pylon  
  199  10:59  Gateway  
  199  11:01  Gateway  
  199  11:08  Dark Templar x4  
  199  11:20  Photon Cannon  
  199  11:21  Pylon  
  183  11:40  Disruptor x2 (Chrono Boost)  
  183  11:43  Disruptor (Chrono Boost)  
  163  11:47  Zealot x7  
  163  11:48  Zealot  
  163  12:07  Disruptor (Chrono Boost), Colossus (Chrono Boost)  
  159  12:10  Probe x4  
  159  12:11  Stalker x5  
  159  12:12  Zealot x5  
  189  12:15  Nexus  
  189  12:16  Nexus  
  189  12:21  Pylon  
  189  12:22  Probe x4  
  187  12:32  Zealot x6  
  165  12:54  Zealot x10  
  168  13:06  Colossus x2 (Chrono Boost)  
  176  13:13  Immortal (Chrono Boost)  
  176  13:19  Zealot x7  
  194  13:26  Stalker x2  
  196  13:39  Zealot x2  
  190  13:59  Stalker x5  
  199  14:09  Zealot x3  
Tags
 
Add a new tag
Caveats
  • Supply blocks, unpowered buildings, or Contaminate may cause inaccurate times.
  • Supply counts are checked every 10 seconds.